Map: Dusk Towers

Players

hydra - Winner!

  • Race: Zerg Zerg

Namshar

  • Race: Zerg Zerg
  • League: Grandmaster

Event: DreamHack ZOWIE Open Leipzig

VOD

Have the link to the VOD?

Description

Time

  • Played on: Jan. 22, 2016, 11:50 a.m.
  • Length: 9:43

All games in this series

Show
View Real Time Build Order
Export as new Build Order

hydra Zerg - Winner!

Build Orders: Hatch First 

Get SALT Encoding   

  12  0:00  Drone  
  13  0:12  Overlord  
  13  0:17  Drone  
  14  0:30  Drone x2  
  14  0:34  Drone  
  17  0:51  Hatchery  
  17  0:54  Drone  
  17  0:57  Drone  
  17  1:01  Extractor  
  17  1:13  Spawning Pool  
  17  1:15  Drone  
  17  1:19  Drone  
  18  1:27  Drone  
  19  1:38  Overlord  
  19  1:57  Drone  
  19  2:00  Queen  
  19  2:01  Zergling x2  
  23  2:03  Metabolic Boost, Queen  
  23  2:06  Drone  
  26  2:11  Drone  
  26  2:14  Drone  
  28  2:21  Drone  
  29  2:25  Drone  
  30  2:32  Drone  
  30  2:36  Drone, Queen  
  34  2:42  Overlord  
  34  2:47  Drone  
  35  2:54  Drone  
  35  3:06  Drone  
  35  3:09  Zergling x2  
  35  3:10  Hatchery, Zergling x6  
  35  3:11  Drone x2  
  35  3:12  Drone  
  42  3:16  Overlord  
  42  3:19  Drone  
  43  3:30  Overlord  
  43  3:34  Queen  
  43  3:36  Drone  
  43  3:37  Roach Warren, Drone  
  43  3:39  Drone  
  47  3:42  Drone  
  47  3:44  Drone  
  47  3:46  Overlord  
  49  3:50  Drone  
  49  3:51  Drone  
  51  3:56  Drone  
  51  3:57  Drone  
  51  4:00  Drone  
  53  4:04  Extractor  
  52  4:15  Evolution Chamber, Drone x3, Extractor  
  53  4:17  Lair  
  53  4:23  Drone  
  54  4:34  Drone  
  54  4:35  Drone x3  
  57  4:39  Drone  
  57  4:41  Zerg Missile Weapons Level 1  
  57  4:42  Drone x2, Roach x2  
  57  4:43  Drone  
  57  4:44  Drone  
  65  4:47  Drone x2  
  65  4:50  Drone x4  
  71  4:53  Extractor  
  71  4:54  Drone  
  71  4:56  Drone x2  
  71  4:58  Overlord x2  
  73  5:01  Extractor  
  72  5:14  Glial Reconstitution  
  72  5:15  Extractor  
  72  5:19  Drone x2  
  73  5:23  Roach x8  
  73  5:25  Overlord x2  
  73  5:26  Overlord  
  89  5:28  Drone  
  89  5:31  Overlord  
  89  5:40  Spire  
  88  5:44  Overseer  
  88  5:46  Drone  
  88  5:47  Drone x2  
  88  5:48  Drone x2  
  93  5:51  Ravager x3  
  93  5:52  Ravager  
  93  5:53  Overlord x2  
  93  5:54  Drone  
  98  6:02  Drone x2  
  100  6:06  Overlord  
  100  6:07  Overlord  
  100  6:09  Hatchery  
  99  6:13  Roach x5  
  109  6:24  Overlord x2  
  109  6:28  Overseer  
  109  6:32  Drone x2  
  111  6:37  Zerg Missile Weapons Level 2  
  111  6:44  Extractor  
  110  6:49  Extractor  
  110  6:51  Zergling x18  
  118  7:07  Mutalisk x4  
  118  7:08  Mutalisk x5  
  136  7:19  Roach x8  
  152  7:24  Overlord x2  
  151  7:41  Overlord  
  151  7:46  Roach x2  
  151  7:47  Roach x6  
  167  8:00  Roach x4  
  167  8:02  Overlord x2  
  167  8:03  Overlord x3  
  171  8:18  Overlord x2  
  171  8:19  Overlord  
  164  8:22  Mutalisk x7  
  164  8:23  Mutalisk x3  
  164  8:24  Drone  
  184  8:28  Drone x2  
  184  8:31  Mutalisk  
  184  8:33  Mutalisk  
  188  8:39  Mutalisk  
  192  8:42  Mutalisk  
  192  8:44  Drone x3, Spore Crawler  
  192  8:48  Mutalisk  
  196  8:51  Mutalisk  
  198  9:22  Roach x4  
Show
View Real Time Build Order
Export as new Build Order

Namshar Zerg 

Build Orders: Hatch First 

Get SALT Encoding   

  12  0:00  Drone  
  13  0:08  Drone  
  14  0:16  Overlord  
  14  0:22  Extractor  
  14  0:23  Drone  
  15  0:35  Drone x2  
  17  0:51  Hatchery  
  17  0:54  Drone  
  17  0:57  Drone  
  18  1:08  Extractor  
  17  1:12  Spawning Pool  
  17  1:15  Drone  
  17  1:19  Drone  
  18  1:27  Drone  
  19  1:37  Overlord  
  19  1:49  Drone  
  20  1:59  Zergling x2, Queen  
  23  2:03  Queen  
  23  2:04  Drone  
  26  2:08  Metabolic Boost  
  26  2:10  Drone  
  26  2:14  Drone  
  28  2:21  Drone  
  29  2:27  Drone  
  29  2:29  Baneling Nest  
  29  2:33  Drone  
  29  2:36  Drone  
  32  2:44  Drone  
  32  2:55  Overlord, Zergling x2  
  32  2:56  Hatchery  
  32  3:01  Drone  
  32  3:05  Drone  
  34  3:15  Zergling x2  
  34  3:17  Drone  
  34  3:18  Drone x2  
  39  3:20  Drone x3  
  39  3:21  Queen  
  39  3:25  Baneling  
  43  3:28  Drone  
  44  3:36  Roach Warren  
  44  3:40  Baneling x2  
  43  3:48  Zergling x2  
  44  3:54  Overlord x2  
  44  4:01  Extractor  
  44  4:02  Evolution Chamber  
  44  4:07  Drone x2  
  44  4:08  Drone  
  44  4:09  Drone x3  
  48  4:10  Drone x2  
  48  4:15  Lair  
  50  4:20  Drone  
  50  4:21  Drone  
  50  4:23  Overlord  
  52  4:37  Drone, Zergling x2  
  54  4:39  Drone  
  54  4:40  Drone x4  
  54  4:44  Zerg Missile Weapons Level 1  
  54  4:45  Drone x4  
  61  4:51  Drone x2  
  61  4:52  Drone x2  
  66  4:53  Overlord  
  66  5:01  Extractor  
  66  5:05  Drone x4, Extractor  
  67  5:12  Drone x2  
  68  5:15  Roach x5  
  68  5:17  Overlord x2, Extractor  
  68  5:18  Extractor  
  76  5:29  Drone  
  76  5:42  Drone x4  
  80  5:43  Hatchery  
  80  5:44  Drone x3  
  80  5:45  Drone  
  80  5:46  Drone, Glial Reconstitution  
  80  5:48  Ravager x4  
  80  5:49  Overlord  
  88  5:50  Overlord x2  
  88  5:52  Drone  
  88  5:53  Drone x2  
  88  5:56  Overseer  
  91  5:58  Roach x2  
  91  6:03  Roach  
  97  6:04  Hatchery  
  97  6:05  Overlord x2  
  96  6:13  Overlord x2  
  96  6:17  Roach  
  96  6:18  Roach x4  
  108  6:25  Roach  
  108  6:26  Roach x4  
  108  6:29  Overseer  
  108  6:31  Overlord  
  116  6:34  Roach  
  116  6:35  Roach  
  116  6:37  Spire  
  119  6:46  Zerg Missile Weapons Level 2  
  120  6:47  Roach x4  
  120  6:50  Ravager  
  120  6:51  Overlord  
  127  7:01  Roach x6  
  139  7:10  Overlord x3  
  139  7:17  Roach  
  139  7:18  Roach x5  
  151  7:27  Roach x2  
  151  7:28  Roach x5  
  165  7:42  Overlord x2  
  165  7:48  Drone, Extractor  
  165  7:51  Mutalisk x5  
  165  7:53  Queen x2  
  165  7:55  Queen  
  165  7:57  Mutalisk  
  177  8:00  Spore Crawler  
  177  8:02  Mutalisk  
  172  8:09  Mutalisk  
  172  8:12  Drone x2  
  172  8:13  Drone x6  
  172  8:19  Mutalisk  
  175  8:22  Mutalisk  
  175  8:23  Queen  
  181  8:34  Drone, Spore Crawler  
  182  8:40  Mutalisk x2  
  187  8:42  Overlord x2  
  187  8:44  Extractor  
  186  8:52  Drone  
  187  8:55  Hydralisk Den  
  187  8:57  Spine Crawler  
  187  8:58  Spine Crawler  
  187  9:01  Spore Crawler  
  181  9:03  Drone  
  181  9:07  Overlord  
  181  9:08  Overlord  
  182  9:13  Roach  
  182  9:14  Roach x7  
  192  9:23  Roach x7  
  192  9:24  Roach x4  

Tags
 
Add a new tag
Caveats
  • Supply blocks, unpowered buildings, or Contaminate may cause inaccurate times.
  • Supply counts are checked every 10 seconds.